 Dungeon Crawl Stone Soup version 0.28-a0-297-g99b01970c5 (webtiles) character file.

Game seed: 14556478763764547241

7 Gargoyl the Skirmisher (level 2, -7/29 HPs)
             Began as a Gnoll Abyssal Knight on Aug 29, 2021.
             Was a Follower of Lugonu.
             Mangled by a small abomination (20 damage)
             ... on level 1 of the Abyss.
             The game lasted 00:00:40 (608 turns).

Gargoyl the Skirmisher (Gnoll Abyssal Knight)        Turns: 608, Time: 00:00:41

Health: -7/29      AC:  3    Str: 11      XL:     2   Next: 0%
Magic:  5/5        EV: 11    Int: 11      God:    Lugonu [*.....]
Gold:   4          SH:  0    Dex: 10 (11) Spells: 1/1 levels left

rFire   . . .      SeeInvis .   a - +1 hand axe
rCold   . . .      Faith    .   (no shield)
rNeg    . . .      Spirit   .   b - +0 leather armour
rPois   .          Reflect  .   (no helmet)
rElec   .          Harm     .   (no cloak)
rCorr   .          Rampage  .   (no gloves)
Will    .....                   (no boots)
Stlth   +.........              (no amulet)
HPRegen 0.09/turn               (no ring)
MPRegen 0.09/turn               (no ring)

@: no status effects
A: fangs 1, strong nose, distributed training
a: Renounce Religion, Depart the Abyss


You were on level 1 of the Abyss.
You worshipped Lugonu.
Lugonu was aware of your devotion.
You visited 0 branches of the dungeon, and saw 0 of its levels.
You visited the Abyss 1 time.

You collected 4 gold pieces.

Inventory:

Hand Weapons
 a - a +1 hand axe (weapon)
Armour
 b - a +0 leather armour (worn)


   Skills:
 + Level 6.4 Fighting
 + Level 0.2 Short Blades
 + Level 0.2 Long Blades
 + Level 4.4 Axes
 + Level 0.2 Maces & Flails
 + Level 0.2 Polearms
 + Level 0.2 Staves
 + Level 0.2 Slings
 + Level 0.2 Bows
 + Level 0.2 Crossbows
 + Level 0.2 Throwing
 + Level 4.4 Armour
 + Level 2.4 Dodging
 + Level 0.2 Stealth
 + Level 0.2 Shields
 + Level 0.2 Unarmed Combat
 + Level 0.2 Spellcasting
 + Level 0.1 Conjurations
 + Level 0.1 Hexes
 + Level 0.1 Summonings
 + Level 0.1 Necromancy
 + Level 0.1 Translocations
 + Level 0.1 Transmutations
 + Level 0.1 Fire Magic
 + Level 0.1 Ice Magic
 + Level 0.1 Air Magic
 + Level 0.1 Earth Magic
 + Level 0.1 Poison Magic
 + Level 4.4 Invocations
 + Level 0.2 Evocations


You had one spell level left.
You didn't know any spells.
Your spell library was empty.

Dungeon Overview and Level Annotations

Branches:
Dungeon (0/15)

Altars:


Innate Abilities, Weirdness & Mutations

You have very sharp teeth.
Your uncanny sense of smell can sniff out nearby items.
Your experience applies equally to all skills.


Message History

Found a book of Displacement and 13 stones.
Found a robe.
Unknown command.
You start resting.
HP restored.
You start waiting.
Done waiting.
Done exploring.
You start waiting.
Done waiting.
Unknown command.
Done exploring.
You start waiting.
Done waiting.
You start waiting.
A small abomination assembles itself!
Unknown command.
You hit the small abomination but do no damage.
The small abomination closely misses you.
The small abomination completely misses you.
You hit the small abomination but do no damage.
The small abomination hits you.
Unknown command.
You hit the small abomination but do no damage.
The small abomination hits you.
The small abomination closely misses you.
Unknown command.
You hit the small abomination.
The small abomination is lightly damaged.
The small abomination misses you.
Unknown command.
You hit the small abomination but do no damage.
The small abomination is lightly damaged.
The small abomination closely misses you.
The small abomination hits you!
You closely miss the small abomination.
The small abomination is lightly damaged.
The small abomination hits you!!
Ouch! That really hurt!
You die...

∆
######
##.§.#
#(.###
#...##
∆# #.#
#x#
#@#
### #
#


You could see a small abomination.

Vanquished Creatures
  A white imp (Abyss:1)
1 creature vanquished.

Notes
Turn   | Place    | Note
-------+----------+-------------------------------------------
     0 | Abyss:1  | Gargoyl the Gnoll Abyssal Knight began the quest for the
                  | Orb.
     0 | Abyss:1  | Reached XP level 1. HP: 23/23 MP: 3/3
    81 | Abyss:1  | Found a shimmering altar of Xom.
   120 | Abyss:1  | Reached XP level 2. HP: 23/29 MP: 5/5
   154 | Abyss:1  | Noticed a lich
   177 | Abyss:1  | Noticed a neqoxec
   598 | Abyss:1  | Noticed a small abomination
   608 | Abyss:1  | Mangled by a small abomination

Illustrated notes

Levels and vault maps discovered:
Abyss:1:  base: Temple, small_statue_intersection, base: Temple,
          bh_abyss_exit_grid

Action                   || total
-------------------------++-------
Melee: Hand axe          ||     8
Armor: Leather armour    ||     8
Dodge: Dodged            ||    16

Table legend: (Time is in decaauts)
 A = Elapsed time spent in this place.
 B = Non-inter-level travel time spent in this place.
 C = Inter-level travel time spent in this place.
 D = Time resting spent in this place.
 E = Time spent auto-exploring this place.
 F = Levels seen in this place.
 G = Mean time per level.
                   A        B        C        D        E       F      G
               +--------+--------+--------+--------+--------+-----+--------+
         Total |    611 |    611 |      0 |    367 |    162 |   1 |  611.0 |
         Abyss |    611 |    611 |      0 |    367 |    162 |   1 |  611.0 |
               +--------+--------+--------+--------+--------+-----+--------+

Top non-repeatable levels by time:
 Abyss:1: 611 daAuts
